 Dungeon Crawl Stone Soup version 0.17.2-1-ge4368a0 (webtiles) character file.

39227 ololoev the Cleaver (level 13, -1/93 HPs)
             Began as a Demonspawn Fighter on Oct 25, 2016.
             Was the Champion of Makhleb.
             Slain by Donald
             ... wielding a +0 long sword of slicing
              (10 damage)
             ... on level 2 of the Swamp.
             The game lasted 00:54:57 (7230 turns).

ololoev the Cleaver (Demonspawn Fighter)            Turns: 7230, Time: 00:54:58

Health: -1/93      AC: 14    Str: 22    XL:     13   Next: 68%
Magic:  21/21      EV: 10    Int:  9    God:    Makhleb [******]
Gold:   634        SH:  0    Dex: 13    Spells: 1 memorised, 11 levels left

rFire  + . .     SeeInvis +     a - +2 battleaxe (flame)
rCold  + . .     Clarity  .     f - +0 gold dragon armour
rNeg   . . .     SustAt   .     (shield currently unavailable)
rPois  +         Gourm    .     (helmet restricted)
rElec  .         Spirit   .     (no cloak)
rCorr  +         Warding  .     (no gloves)
rMut   .         Stasis   .     q - +1 pair of boots
MR     .....                    x - amulet of resist corrosion
Stlth  ..........               u - ring of poison resistance (curse)
                                n - ring of see invisible

@: studying Armour, not resistant to hostile enchantments, extremely unstealthy
A: claws 1, horns 1, repulsion field 2, deformed body, frail 1, sense
surroundings 1, powered by death 2, wild magic 1, evolution 1, MP-powered wands
a: Minor Destruction, Lesser Servant of Makhleb, Major Destruction, Greater
Servant of Makhleb, Renounce Religion


Innate Abilities, Weirdness & Mutations

You have a pair of small horns on your head.
You are surrounded by a moderate repulsion field (EV +3).
You regenerate health from kills.
You have sharp fingernails.
Armour fits poorly on your strangely shaped body.
You are frail (-10% HP).
You passively map a small area around you.
Your spells are a little harder to cast, but a little more powerful.
You evolve.
You expend magic power (3 MP) to strengthen your wands.

Inventory:

Hand Weapons
 a - a +2 battleaxe of flaming (weapon)
Missiles
 w - 7 curare-tipped needles
Armour
 f - a +0 gold dragon armour (worn)
 q - a +1 pair of boots (worn)
Jewellery
 n - a ring of see invisible (left claw)
 s - an uncursed ring of flight
 u - a cursed ring of poison resistance (right claw)
 x - an amulet of resist corrosion (around neck)
Wands
 l - a wand of draining (2)
 m - a wand of teleportation (4)
 C - a wand of lightning (4)
 E - a wand of draining (11)
 F - a wand of disintegration (8)
Scrolls
 g - 2 scrolls of random uselessness {unknown}
 h - 3 scrolls of magic mapping
 o - 10 scrolls of remove curse
 p - 5 scrolls of teleportation
 t - 2 scrolls of enchant armour {unknown}
Potions
 c - a potion of flight
 d - a potion of cure mutation {unknown}
 k - a potion of ambrosia
 B - a potion of might
 G - a potion of poison {unknown}
 H - a potion of magic {unknown}
Books
 i - a manual of Armour
Miscellaneous
 y - a stone of tremors
Comestibles
 b - 2 beef jerkies
 e - 8 bread rations
 r - 7 meat rations
 v - 8 fruits
 I - a chunk of flesh


   Skills:
 + Level 10.4 Fighting
 * Level 13.2 Axes
 + Level 11.4 Armour
 + Level 7.9 Dodging
   Level 2.6 Shields
 + Level 11.9 Invocations


You had 11 spell levels left.
You knew the following spells:

 Your Spells              Type           Power        Failure   Level  Hunger
a - Apportation           Tloc           #.........   100%        1    ##.....


You were on level 2 of the Swamp.
You worshipped Makhleb.
Makhleb was exalted by your worship.
You were hungry.

You visited 5 branches of the dungeon, and saw 26 of its levels.
You also visited: Sewer, Bailey and Volcano.

You collected 2165 gold pieces.
You spent 1531 gold pieces at shops.

, ≈≈≈≈ ≈≈≈≈≈,
≈ ≈≈≈≈≈
*..≈≈≈.
♣♣♣v..≈≈. ≈
♣♣♣♣♣♣≈†$..>..
≈ ♣..v..v≈≈.♣
≈ ♣53@5..≈≈≈♣.
♣♣♣@5≈....≈.§≈
♣♣<...v≈♣≈.≈
♣♣♣v≈♣♣♣ ♣≈
♣♣♣♣ * * *

Notes
Turn   | Place    | Note
--------------------------------------------------------------
     0 | D:1      | ololoev the Demonspawn Fighter began the quest for the Orb.
     0 | D:1      | Reached XP level 1. HP: 18/18 MP: 1/1
   228 | D:1      | Gained mutation: You have a pair of small horns on your head. [demonic ancestry]
   228 | D:1      | Reached XP level 2. HP: 24/24 MP: 2/2
   268 | D:2      | Reached skill level 1 in Dodging
   279 | D:2      | Gained mutation: You regenerate a little health from kills. [demonic ancestry]
   279 | D:2      | Reached XP level 3. HP: 3/29 MP: 3/3
   572 | D:3      | Reached XP level 4. HP: 17/36 MP: 4/4
   821 | D:4      | Noticed a phantom
   921 | D:4      | Killed a phantom
   921 | D:4      | Reached skill level 4 in Fighting
   921 | D:4      | Reached XP level 5. HP: 34/42 MP: 5/5
  1021 | D:4      | Gained mutation: You are surrounded by a mild repulsion field (EV +2). [demonic ancestry]
  1021 | D:4      | Reached XP level 6. HP: 46/48 MP: 6/6
  1236 | D:4      | Found a glowing drain.
  1245 | Sewer    | Entered a sewer
  1287 | Sewer    | Noticed Purgy
  1291 | Sewer    | Gained mutation: Your muscles are strong. (Str +2) [potion of mutation]
  1291 | Sewer    | Gained mutation: You evolve. [potion of mutation]
  1291 | Sewer    | Gained mutation: You have sharp fingernails. [potion of mutation]
  1317 | Sewer    | Killed Purgy
  1414 | D:5      | Entered Level 5 of the Dungeon
  1424 | D:5      | Found Jogutoa's General Store.
  1429 | D:5      | Bought a potion of heal wounds for 60 gold pieces
  1429 | D:5      | Bought a scroll of teleportation for 36 gold pieces
  1432 | D:5      | Noticed ololoev's ghost (amateur DsFi)
  1580 | D:5      | Learned a level 1 spell: Apportation
  1608 | D:5      | Reached XP level 7. HP: 55/55 MP: 7/7
  1669 | D:5      | Found a bloodstained altar of Trog.
  1694 | D:5      | Reached skill level 5 in Axes
  1774 | D:5      | Found a staircase to the Ecumenical Temple.
  1783 | Temple   | Entered the Ecumenical Temple
  1799 | Temple   | Became a worshipper of Makhleb the Destroyer
  1892 | D:5      | Reached skill level 5 in Fighting
  1968 | D:6      | Reached skill level 1 in Invocations
  1968 | D:6      | Gained mutation: You are surrounded by a moderate repulsion field (EV +3). [demonic ancestry]
  1968 | D:6      | Reached XP level 8. HP: 53/62 MP: 7/9
  1979 | D:6      | Found a white marble altar of Elyvilon.
  2125 | D:6      | Reached skill level 6 in Axes
  2187 | D:6      | Found a shimmering altar of Xom.
  2214 | D:5      | Reached skill level 5 in Armour
  2303 | D:7      | Found a blossoming altar of Fedhas.
  2304 | D:7      | Found a snail-covered altar of Cheibriados.
  2305 | D:7      | Found an opulent altar of Gozag.
  2318 | D:7      | Lost mutation: Your muscles are strong. (Str +2) [evolution]
  2453 | D:9      | Reached * piety under Makhleb
  2484 | D:9      | Reached skill level 7 in Axes
  2493 | D:9      | Reached XP level 9. HP: 64/69 MP: 12/12
  2585 | D:9      | Found a flagged portal.
  2601 | Bailey   | Entered a bailey
  2606 | Bailey   | Noticed an orc warlord
  2666 | Bailey   | Noticed Goblin1989's ghost (journeyman DrMo)
  2882 | D:9      | Found a staircase to the Lair.
  3004 | D:10     | Entered Level 10 of the Dungeon
  3143 | D:10     | Reached ** piety under Makhleb
  3143 | D:10     | Reached skill level 5 in Invocations
  3168 | D:10     | Noticed an unseen horror
  3207 | D:10     | Killed an unseen horror
  3207 | D:10     | Reached skill level 8 in Axes
  3356 | D:9      | Noticed a hill giant
  3367 | D:9      | Killed a hill giant
  3375 | D:9      | Noticed a hill giant
  3376 | D:9      | Noticed a yaktaur captain
  3376 | D:9      | Noticed a boulder beetle
  3381 | D:9      | Killed a hill giant
  3390 | D:9      | Killed a yaktaur captain
  3390 | D:9      | Gained mutation: You regenerate health from kills. [demonic ancestry]
  3390 | D:9      | Reached XP level 10. HP: 77/79 MP: 14/14
  3395 | D:9      | Killed a boulder beetle
  3395 | D:9      | Reached skill level 9 in Axes
  3498 | D:9      | Noticed a hill giant
  3517 | D:9      | Killed a hill giant
  3765 | D:10     | Noticed a manticore
  3774 | D:10     | Killed a manticore
  3844 | D:11     | Reached *** piety under Makhleb
  3902 | D:11     | Found a staircase to the Orcish Mines.
  3936 | Orc:1    | Entered Level 1 of the Orcish Mines
  4002 | Orc:1    | Gained mutation: Your spells are a little harder to cast, but a little more powerful. [evolution]
  4033 | Orc:1    | Found Josi's Book Emporium.
  4035 | Orc:1    | Noticed Nergalle
  4053 | Orc:1    | Killed Nergalle
  4172 | Orc:2    | Reached **** piety under Makhleb
  4361 | Orc:3    | Found a roughly hewn altar of Beogh.
  4361 | Orc:3    | Noticed an orc high priest
  4373 | Orc:3    | Killed an orc high priest
  4373 | Orc:3    | Reached skill level 10 in Axes
  4432 | Orc:3    | Noticed an orc sorcerer
  4436 | Orc:3    | Noticed an orc knight
  4440 | Orc:3    | Killed an orc sorcerer
  4440 | Orc:3    | Reached XP level 11. HP: 69/86 MP: 17/17
  4456 | Orc:3    | Killed an orc knight
  4528 | Orc:2    | You fall through a shaft!
  4554 | Orc:3    | Found a staircase to the Elven Halls.
  4772 | Orc:3    | Reached ***** piety under Makhleb
  4855 | Orc:4    | Entered Level 4 of the Orcish Mines
  4924 | Orc:4    | Found Safiozxa's Food Emporium.
  4956 | Orc:4    | Found a roughly hewn altar of Beogh.
  5064 | Orc:4    | Found Semoll's Gadget Shoppe.
  5187 | Orc:4    | Reached skill level 5 in Dodging
  5228 | Orc:4    | Noticed Goblin1989's ghost (journeyman DsHu)
  5310 | Orc:1    | Bought a manual of Armour for 1435 gold pieces
  5477 | Lair:1   | Entered Level 1 of the Lair of Beasts
  5600 | Lair:2   | Reached skill level 11 in Axes
  5719 | Lair:3   | Found a staircase to the Swamp.
  5736 | Lair:3   | Found a dark tunnel.
  5741 | Volcano  | Entered a volcano
  5758 | Volcano  | Noticed a hill giant
  5759 | Volcano  | Noticed an ogre mage
  5767 | Volcano  | Killed a hill giant
  5777 | Volcano  | Killed an ogre mage
  5777 | Volcano  | Reached XP level 12. HP: 58/94 MP: 19/19
  5900 | Lair:4   | Found a hole to the Spider Nest.
  5908 | Lair:4   | Noticed a seven-headed hydra
  5943 | Lair:4   | Killed a three-headed hydra
  5946 | Lair:4   | Reached skill level 10 in Invocations
  5955 | Lair:4   | Noticed a seven-headed hydra
  5965 | Lair:4   | Reached ****** piety under Makhleb
  5967 | Lair:4   | Killed a one-headed hydra
  6102 | Lair:6   | Reached skill level 10 in Armour
  6106 | Lair:6   | Reached skill level 12 in Axes
  6375 | Lair:8   | Entered Level 8 of the Lair of Beasts
  6395 | Lair:8   | Reached XP level 13. HP: 83/102 MP: 21/21
  6679 | Lair:7   | Noticed a six-headed hydra
  6689 | Lair:7   | Killed a one-headed hydra
  6689 | Lair:7   | Reached skill level 10 in Fighting
  6976 | Lair:3   | Reached skill level 13 in Axes
  6985 | Lair:2   | Noticed Fannar
  7019 | Lair:2   | Killed Fannar
  7074 | Lair:3   | Noticed a necromancer
  7080 | Lair:3   | Killed a necromancer
  7138 | Swamp:1  | Entered Level 1 of the Swamp
  7138 | Swamp:1  | Noticed Aizul
  7151 | Swamp:1  | Killed Aizul
  7165 | Swamp:1  | Gained mutation: You expend magic power (3 MP) to strengthen your wands. [mutagenic meat]
  7166 | Swamp:1  | Gained mutation: You passively map a small area around you. [mutagenic meat]
  7167 | Swamp:1  | Gained mutation: You are frail (-10% HP). [mutagenic meat]
  7168 | Swamp:1  | Gained mutation: Armour fits poorly on your strangely shaped body. [mutagenic meat]
  7214 | Swamp:2  | Noticed Donald
  7230 | Swamp:2  | Slain by Donald

Dungeon Overview and Level Annotations

Branches:
Dungeon (11/15)            Temple (1/1) D:5            Lair (8/8) D:9
  Swamp (2/4) Lair:3       Spider (0/4) Lair:4          Orc (4/4) D:11
    Elf (0/3) Orc:3
  Slime: Lair:6-8

Altars:
Ashenzari
Cheibriados
Dithmenos
Elyvilon
Fedhas
Gozag
Makhleb
Nemelex Xobeh
Okawaru
Qazlal
Sif Muna
Trog
Vehumet
Xom
Yredelemnul
Zin
Beogh

Shops:
D:5 *   Orc:1 :   Orc:4 }%

Annotations:
D:5 ololoev's ghost, amateur DsFi
Swamp:2 Donald
Orc:4 Goblin1989's ghost, journeyman DsHu


Message History

Unknown command.
The insubstantial wisp blinks!
Donald barely misses your smoke demon.
The insubstantial wisp blinks!
Donald blocks your smoke demon's attack.
Your smoke demon closely misses Donald.
Donald blocks your smoke demon's attack.
Your neqoxec hits Donald but does no damage.
The insubstantial wisp hits your smoke demon.
The insubstantial wisp blinks!
Unknown command.
Unknown command.
Drink which item? (? for menu, Esc to quit)
Okay, then.
The insubstantial wisp blinks!
Donald hits your smoke demon with a long sword of slicing.
Your smoke demon dies!
Your neqoxec hits Donald but does no damage.
Unknown command.
Donald says, "The Vaults look kind of boring."
Your neqoxec hits Donald but does no damage.
Unknown command.
The insubstantial wisp blinks!
Unknown command.
Read which item? (? for menu, Esc to quit)
Okay, then.
Drink which item? (? for menu, Esc to quit)
Okay, then.
Drink which item? (? for menu, Esc to quit)
Okay, then.
Donald hits you with a long sword of slicing.
The insubstantial wisp closely misses you.
The insubstantial wisp blinks! x2
Your neqoxec gestures.
You swap places.
The insubstantial wisp hits your neqoxec but does no damage.
The insubstantial wisp closely misses your ufetubus.
Donald blocks your ufetubus's attack. x2
Donald says, "I think I'm starting to get a cough.
I hate that."
Donald hits you with a long sword of slicing!
You die...

You could see Donald, 5 insubstantial wisps, a friendly neqoxec, a friendly quasit and 2 friendly ufetubi.

Vanquished Creatures
  A yaktaur captain (D:9)
  Fannar (Lair:2)
  4 hydras
  An orc high priest (Orc:3)
  Nergalle (Orc:1)
  An unseen horror (D:10)
  A hill giant (Volcano)
  2 hornets (Lair:8)
  A necromancer (Lair:3)
  An orc knight (Orc:4)
  A manticore (D:10)
  2 orc sorcerers
  A wolf spider (Lair:8)
  A griffon (Lair:7)
  3 black mambas
  14 elephants
  A guardian serpent (Lair:8)
  9 spiny frogs
  5 komodo dragons
  2 trolls
  A polar bear (Lair:4)
  4 two-headed ogres (Volcano)
  A boulder beetle (D:9)
  7 blink frogs
  22 yaks
  A hungry ghost (D:9)
  2 spriggans
  2 hippogriffs (Lair:7)
  3 wolves (Lair:4)
  A porcupine (Lair:1)
  4 insubstantial wisps (Lair:3)
  5 water moccasins
  4 wargs
  18 orc warriors
  3 sky beasts
  Purgy (Sewer)
  A phantom (D:4)
  2 spiders (Lair:8)
  A black bear (Lair:4)
  3 ice beasts
  A wasp (Lair:8)
  2 centaurs
  5 ogres
  7 crocodiles
  A big kobold (D:7)
  A komodo dragon zombie (Lair:3)
  9 giant frogs
  2 scorpions
  3 killer bees (D:9)
  11 orc priests
  4 crimson imps
  A giant frog zombie (D:5)
  2 centaur skeletons
  4 hounds
  A centaur zombie (D:9)
  2 electric eels
  A giant frog skeleton (D:10)
  5 iguanas
  6 orc wizards
  A gnoll shaman (D:5)
  8 worker ants
  16 sheep
  A killer bee zombie (D:10)
  A hound skeleton (D:9)
  A hound zombie (D:11)
  11 gnolls
  20 river rats
  A shadow imp (D:9)
  9 adders
  2 adder skeletons
  2 worms
  A giant gecko (D:3)
  107 orcs
  A ball python (D:4)
  2 bats
  7 giant cockroaches
  2 hobgoblins
  12 jackals
  16 kobolds
  3 giant newts
  13 goblins
  2 rats
  3 bushes (Lair:4)
  6 fungi
455 creatures vanquished.

Vanquished Creatures (collateral kills)
  Aizul (Swamp:1)
  An ogre mage (Volcano)
  A death yak (Lair:7)
  3 hill giants (D:9)
  3 orc knights
  An orc sorcerer (Orc:4)
  An elephant (Lair:4)
  A spiny frog (Swamp:1)
  A giant leech (Swamp:1)
  A swamp drake (Swamp:1)
  An ogre (Volcano)
  An orc warrior (Orc:4)
  A scorpion (Lair:4)
  A worker ant (D:9)
  2 orcs
  A giant cockroach (Lair:4)
21 creatures vanquished.

Vanquished Creatures (others)
  A river rat (Lair:3)
  A fungus (Lair:7)
  A plant (Lair:8)
3 creatures vanquished.

Grand Total: 479 creatures vanquished

Action                   |  1- 3 |  4- 6 |  7- 9 | 10-12 | 13-15 || total
-------------------------+-------+-------+-------+-------+-------++-------
Melee: War axe           |   127 |   193 |   315 |   396 |       ||  1031
       Battleaxe         |       |       |       |   288 |   222 ||   510
Invok: Lesser Servant of |       |       |       |    11 |     4 ||    15
       Greater Servant o |       |       |       |       |     1 ||     1
 Abil: Evoke Flight      |       |       |     1 |       |       ||     1
Evoke: Wand              |       |       |     9 |     4 |       ||    13
       Sack of spiders   |       |       |     2 |     9 |       ||    11
  Use: Potion            |     2 |     5 |     4 |     2 |     6 ||    19
       Scroll            |       |       |     7 |     8 |     1 ||    16
 Stab: Confused          |       |       |     3 |       |       ||     3
       Distracted        |       |       |       |     4 |       ||     4
  Eat: Chunk             |       |     3 |     5 |    10 |     6 ||    24
       Bread ration      |       |       |     1 |       |       ||     1
       Pizza             |       |       |       |     1 |       ||     1
       Meat ration       |       |       |       |       |     1 ||     1

Vault maps used:
D:1:      tarquinn_simple_flora_water_f
D:2:      first_bread, nicolae_qazlal_style_of_elements
D:3:      minivault_26
D:4:      portal_sewer_entry_d
D:5:      old_standard_altar, temple_hall, serial_shops,
          nicolae_shop_statue_plus
D:6:      nicolae_ru_the_path_less_chosen, lemuel_coloured_pillars_altar,
          xom_redecorated, serial_shops, nicolae_shop_behind_doors,
          minmay_misc_feat_chi
D:7:      grunt_temple_overflow_open, the_bakery, minmay_misc_feat_ornament
D:8:      uniq_erolcha, uniq_joseph, uniq_maurice, uniq_psyche
D:9:      minmay_klotski, lair_0_dummy, enter_bailey_3
D:11:     hiddenorc2_lemuel, lightli_elemental_guards, uniq_josephine,
          uniq_sonja
Temple:   triangle_lava_temple_12
Lair:1:   infiniplex_staircase_pool_2
Lair:2:   uniq_fannar
Lair:3:   pond_and_an_island_with_a_cottage, minmay_swamp_entry_wisps,
          enter_volcano_4, serial_bayou_crossing
Lair:4:   gammafunk_lair_bear_cave, nicolae_spider_entry_non_spiders,
          grunt_forest_stairs_clearing
Lair:5:   boulder_quad_collide
Lair:6:   grunt_megastairs_4, lemuel_fruit_tree, lemuel_fruit_fields
Lair:7:   slime_altar_1, infiniplex_staircase_pool, serial_bayou_shore_b
Lair:8:   hangedman_lair_tendril_chambers, guppyfry_lair_end_dragon
Swamp:1:  evilmike_swamp_ruin_wall, swamp_pool1, uniq_aizul
Swamp:2:  evilmike_swamp_ruin_house_3, grunt_lady_of_the_lake, uniq_donald
Orc:1:    serial_shops, nicolae_shop_statue_plus, uniq_nergalle
Orc:3:    nicolae_orc_pool_cavern, kennysheep_orc_chapel
Orc:4:    pubby_orc_utopia
Sewer:    sewer_the_crocodile
Bailey:   bailey_axe_bossmonster_kennysheep, bailey
Volcano:  volcano_caves
